 Dungeon Crawl Stone Soup version 0.27.1-33-g824d729ab1 (webtiles) character file.

Game seed: 1865692468226862115

58 porpoise the Skirmisher (level 3, -19/35 HPs)
             Began as a Minotaur Abyssal Knight on Dec 22, 2021.
             Was a Believer of Lugonu.
             Demolished by an ogre (22 damage)
             ... on level 2 of the Dungeon.
             The game lasted 00:05:33 (1466 turns).

porpoise the Skirmisher (Minotaur Abyssal Knight)   Turns: 1466, Time: 00:05:33

Health: -19/35     AC:  7    Str: 17    XL:     3   Next: 75%
Magic:  3/3        EV:  9    Int:  9    God:    Lugonu [**....]
Gold:   82         SH:  0    Dex:  9    Spells: 2/2 levels left

rFire    . . .     SeeInvis .   a - +2 hand axe
rCold    . . .     Faith    .   (no shield)
rNeg     . . .     Spirit   .   f - +0 scale mail
rPois    .         Reflect  .   (helmet restricted)
rElec    .         Harm     .   e - +0 cloak
rCorr    .         Rampage  .   (no gloves)
Will     .....                  (no boots)
Stlth    ..........             (no amulet)
HPRegen  0.11/turn              (no ring)
MPRegen  0.08/turn              (no ring)

@: brilliant
A: horns 2, retaliatory headbutt
a: Renounce Religion, Depart the Abyss, Bend Space


You were on level 2 of the Dungeon.
You worshipped Lugonu.
Lugonu was pleased with you.
You visited 1 branch of the dungeon, and saw 2 of its levels.
You visited the Abyss 1 time.

You collected 82 gold pieces.

Inventory:

Hand Weapons
 a - a +2 hand axe (weapon)
Missiles
 d - 12 stones (quivered)
Armour
 e - a +0 cloak (worn)
 f - a +0 scale mail (worn)
Scrolls
 h - a scroll of identify {unknown}
 i - a scroll of brand weapon {unknown}
 m - a scroll of magic mapping {unknown}
Potions
 b - 2 potions of resistance


   Skills:
 + Level 4.8 Fighting
 + Level 3.9 Axes
 - Level 2.4 Armour
 - Level 1.1 Dodging
 - Level 1.7 Invocations


You had 2 spell levels left.
You didn't know any spells.
Your spell library was empty.

Dungeon Overview and Level Annotations

Branches:
Dungeon (2/15)

Altars:


Innate Abilities, Weirdness & Mutations

You have a pair of horns on your head.
You reflexively headbutt those who attack you in melee.


Message History

Throw: 13 stones
Press: ? - help, Q - select action, (/) - cycle Shift-Dir - straight line, f/p - ogre
Aim: an ogre, wielding a +0 giant club (lightly wounded, 72% to hit)
You throw a stone. The stone hits the ogre.
The ogre is lightly wounded.
Unknown command.
You hit the ogre.
The ogre is lightly wounded.
The ogre hits you with a +0 giant club!
You hit the ogre but do no damage.
The ogre is lightly wounded.
The ogre hits you with a +0 giant club!!
Ouch! That really hurt!
* * * LOW HITPOINT WARNING * * *
It was a potion of resistance.
You feel protected. The ogre closely misses you.
Okay, then.
Okay, then.
It was a potion of haste.
You feel yourself speed up.
It was a potion of cancellation.
Your magical effects are unravelling.
You feel magically purged.
You feel yourself slow down.
Your resistance to elements expires.
The ogre barely misses you.
It was a potion of brilliance.
You feel clever all of a sudden. The ogre barely misses you.
Okay, then.
As you read the scroll labelled SISKA WAWU, it crumbles to dust.
You hear a loud clanging noise!
It was a scroll of noise.
You hear a bark! x3
Okay, then.
As you read the scroll labelled NUESTR XIALOXTA, it crumbles to dust.
It is a scroll of enchant weapon.
Your +1 hand axe glows red for a moment.
The ogre hits you with a +0 giant club!!
Ouch! That really hurt!
You die...

#.(....# #......######
###########......#....#
..............(..#....#
####..................#
####.##........(......#
..<......##....>......#
.....##.## #..O..#
###.....##.....#@..#
#.######.### #...# #.#
# ##...# #.#
##.#####....# #.#
#..#........# #.#
..#..###....#
............#
........#####
.........#####


You could see an ogre.

Vanquished Creatures
  An adder (D:2)
  2 dart slugs (D:2)
  3 endoplasms
  4 giant cockroaches
  3 hobgoblins
  4 jackals
  3 kobolds
  4 ball pythons
  6 bats
  3 frilled lizards
  5 goblins
  4 rats (D:1)
42 creatures vanquished.

Notes
Turn   | Place    | Note
-------+----------+-------------------------------------------
     0 | Abyss:1  | porpoise the Minotaur Abyssal Knight began the quest for
                  | the Orb.
     0 | Abyss:1  | Reached XP level 1. HP: 19/19 MP: 1/1
    18 | D:1      | Escaped the Abyss
   339 | D:1      | Reached skill level 4 in Fighting
   417 | D:1      | Reached XP level 2. HP: 24/27 MP: 2/2
   517 | D:1      | Reached ** piety under Lugonu
  1023 | D:2      | Reached XP level 3. HP: 34/34 MP: 3/3
  1452 | D:2      | Noticed an ogre
  1466 | D:2      | Demolished by an ogre

Illustrated notes

Levels and vault maps discovered:
D:1:      psy_arrival_conway, layout_basic
D:2:      layout_rooms, grunt_decor_mini_mirrors

Skill      XL: |  1 |
---------------+----+-----
Fighting       | 4 |  4.8
Axes           | 3 |  3.9
Armour         | |  2.4
Dodging        | |  1.1
Invocations    | |  1.7

Action                   || total
-------------------------++-------
Melee: Hand axe          ||    82
       Headbutt          ||     3
Throw: Stone             ||     4
  Use: Potion            ||     4
       Scroll            ||     2
Armor: Leather armour    ||     6
       Scale mail        ||    30
Dodge: Dodged            ||    36
